 Dungeon Crawl Stone Soup version 0.29.0-7-g18a832c13a (webtiles) character file.

Game seed: 5404084725008716309

486 PieDemon the Chopper (level 7, 0/61 HPs)
             Began as a Meteoran Fighter on Aug 30, 2022.
             Slain by Pikel
             ... wielding a +2 whip of flaming
              (2 damage)
             ... on level 4 of the Dungeon.
             The game lasted 00:08:47 (956 turns).

PieDemon the Chopper (Meteoran Fighter)              Turns: 956, Time: 00:08:47

Health: 0/61       AC:  8    Str: 19    XL:     7   Next: 62%
Magic:  8/8        EV: 10    Int: 10    God:
Gold:   132        SH:  5    Dex: 14    Spells: 6/6 levels left

rFire   . . .      SeeInvis .   a - +0 war axe
rCold   . . .      Faith    .   c - +0 buckler
rNeg    . . .      Spirit   .   l - +2 ring mail {rPois}
rPois   +          Reflect  .   (no helmet)
rElec   .          Harm     .   (no cloak)
rCorr   .          Rampage  .   (no gloves)
Will    .....                   (no boots)
Stlth   +.........              f - amulet of regeneration
HPRegen 1.00/turn               (no ring)
MPRegen 0.11/turn               (no ring)

@: glowing
A: sense surroundings 1, otherworldly, glowing, explore regen
a: no special abilities


You were on level 4 of the Dungeon.
You visited 1 branch of the dungeon, and saw 6 of its levels.

You collected 132 gold pieces.

Inventory:

Hand Weapons
 a - a +0 war axe (weapon)
Missiles
 e - 7 stones
Armour
 b - a +0 scale mail
 c - a +0 buckler (worn)
 l - a +2 ring mail of poison resistance (worn)
Jewellery
 f - an amulet of regeneration (around neck)
 k - an amulet of faith
Scrolls
 d - a scroll of fear {unknown}
 g - 2 scrolls of identify
 h - 2 scrolls of immolation {unknown}
 i - a scroll of fog {unknown}
 j - a scroll of noise {unknown}
 n - a scroll of poison {unknown}
 o - a scroll of teleportation {unknown}
Potions
 m - a potion of haste


   Skills:
 + Level 5.0 Fighting
 * Level 6.5 Axes
 + Level 5.6 Armour
 - Level 4.0 Shields


You had 6 spell levels left.
You didn't know any spells.
Your spell library contained the following spells:

 Spells                   Type           Power      Damage    Failure   Level
 Summon Small Mammal      Summ           0%         N/A       63%         1
 Ensorcelled Hibernation  Hex/Ice        0%         N/A       77%         2
 Passwall                 Tmut/Erth      0%         N/A       77%         2
 Call Canine Familiar     Summ           0%         N/A       94%         3
 Summon Guardian Golem    Hex/Summ       0%         N/A       94%         3
 Swiftness                Air            0%         N/A       94%         3


Dungeon Overview and Level Annotations

Branches:
Dungeon (6/15) Zot: 2588
 Temple: D:4-7

Altars:

Annotations:
D:4 Pikel


Innate Abilities, Weirdness & Mutations

You passively map a small area around you.
You are easily found by Zot.
You glow in the dark.
You regain HP and MP as you explore.


Message History

Pikel hits you with a +2 whip of flaming.
Pikel burns you.
The lemure hits you but does no damage. x2
The lemure barely misses you.
Unknown command.
You closely miss Pikel.
Pikel is moderately wounded.
You hit the lemure. You closely miss the lemure. You hit the lemure.
Pikel hits you with a +2 whip of flaming!
Pikel burns you. The lemure hits you but does no damage.
You block the lemure's attack. The lemure hits you but does no damage.
Unknown command.
You barely miss Pikel.
Pikel is moderately wounded.
You closely miss the lemure. You hit the lemure.
You hit the lemure but do no damage.
Pikel hits you with a +2 whip of flaming.
Pikel burns you. The lemure barely misses you.
The lemure hits you but does no damage. x2
You miss Pikel.
Pikel is moderately wounded.
You barely miss the lemure. You hit the lemure. You barely miss the lemure.
Pikel hits you with a +2 whip of flaming!
* * * LOW HITPOINT WARNING * * *
Pikel burns you.
* * * LOW HITPOINT WARNING * * *
The lemure hits you.
* * * LOW HITPOINT WARNING * * *
You block the lemure's attack. The lemure hits you!
* * * LOW HITPOINT WARNING * * *
Unknown command.
You closely miss Pikel.
Pikel is moderately wounded.
You hit the lemure. x2; You hit the lemure but do no damage.
Pikel hits you but does no damage. You block the lemure's attack.
The lemure closely misses you. The lemure hits you.
* * * LOW HITPOINT WARNING * * *
The lemure hits you.
* * * LOW HITPOINT WARNING * * *
Pikel hits you with a +2 whip of flaming.
You die...

##.#.####### * ###
...#.......# ##
##########.##.# *
##.....#...## , ,..
#.......#...## *## , ,
..
#...#.....#..######...
..
#..###...###..........
..
##..#.....#.$.55....##
, ..
##...........@55.....
..
##.###...####K...... #
#.. #....# [...... *
#..# ....#... .......
*
#..###...###..........
, #
#...#.....#...........
, ..#
...#...............
...
...................
##. , , , , *


You could see Pikel and 4 lemures.

Vanquished Creatures
  Menkaure (D:4)
  Duvessa (D:4)
  Dowan (D:4)
  A jelly (D:6)
  2 iguanas
  2 orc wizards
  2 adders
  A white imp (D:5)
  An ufetubus (D:6)
  A worm (D:4)
  2 dart slugs
  6 orcs
  6 endoplasms
  2 giant cockroaches
  2 goblins
  3 hobgoblins (D:1)
  3 jackals (D:1)
  2 quokkas
  3 ball pythons
  A bat (D:1)
  3 frilled lizards
  A kobold (D:1)
  4 rats (D:1)
51 creatures vanquished.

Notes
Turn   | Place    | Note
-------+----------+-------------------------------------------
     0 | D:1      | PieDemon the Meteoran Fighter began the quest for the Orb.
     0 | D:1      | Reached XP level 1. HP: 19/19 MP: 2/2
    62 | D:1      | Reached XP level 2. HP: 26/26 MP: 3/3
   224 | D:1      | Reached skill level 3 in Axes
   237 | D:1      | Reached XP level 3. HP: 23/31 MP: 4/4
   343 | D:3      | Reached XP level 4. HP: 39/39 MP: 5/5
   395 | D:4      | Noticed Menkaure
   401 | D:4      | Killed Menkaure
   402 | D:4      | Reached skill level 4 in Axes
   402 | D:4      | Reached XP level 5. HP: 40/46 MP: 6/6
   402 | D:4      | Reached XP level 6. HP: 45/52 MP: 7/7
   430 | D:5      | Entered Level 5 of the Dungeon
   500 | D:6      | Reached skill level 5 in Axes
   514 | D:6      | Reached skill level 5 in Armour
   624 | D:5      | Reached XP level 7. HP: 51/60 MP: 8/8
   698 | D:4      | Noticed Duvessa
   699 | D:4      | Noticed Dowan
   724 | D:4      | Killed Duvessa
   725 | D:4      | Reached skill level 6 in Axes
   725 | D:4      | HP: 3/60 [Dowan/stone arrow (3)]
   751 | D:4      | Killed Dowan
   752 | D:4      | Reached skill level 5 in Fighting
   942 | D:4      | Noticed Pikel
   956 | D:4      | HP: 2/61 [lemure[Pikel] (2)]
   956 | D:4      | Slain by Pikel

Illustrated notes

Levels and vault maps discovered:
D:1:      ncdulo_wetmaze, layout_rooms, hellmonk_ecumenical_altar_prayer_group,
          minmay_pentomino_v2
D:2:      layout_loops_ring, uniq_natasha, uniq_crazy_yiuf_cottage
D:3:      layout_rooms, grunt_ministairs_11
D:4:      layout_cave_pods, chequers_serial_rivers_micro_b,
          minmay_strange_pillars, serial_park_tiny_pond, patterned_corridor,
          uniq_robin, uniq_duvessa, uniq_menkaure, uniq_sigmund, uniq_pikel
D:5:      layout_basic
D:6:      minmay_chambers_of_sixes, layout_basic, minmay_temple_entry_hall,
          uniq_maggie

Skill      XL: |  1  2  3  4  5  6  7 |
---------------+----------------------+-----
Axes           | 3 4 5 6 |  6.5
Armour         | 4 5 |  5.6
Shields        | 4 |  4.0
Fighting       | 4 5 |  5.0

Action                   |  1- 3 |  4- 6 |  7- 9 || total
-------------------------+-------+-------+-------++-------
Melee: War axe           |    63 |    44 |    54 ||   161
Throw: Stone             |       |    10 |     2 ||    12
  Use: Potion            |       |     1 |     1 ||     2
       Scroll            |       |     1 |     1 ||     2
Armor: Scale mail        |    37 |    25 |    12 ||    74
       Ring mail         |       |       |    12 ||    12
Dodge: Dodged            |    24 |    19 |    31 ||    74
Block: Buckler           |    20 |    14 |    13 ||    47
